 Dungeon Crawl Stone Soup version 0.20-a0-1006-ge6c5631 (webtiles) character file.

58 FastMan the Shield-Bearer (level 4, -6/37 HPs)
             Began as a Formicid Fighter on Apr 14, 2017.
             Mangled by a gnoll
             ... wielding a +0 halberd
              (16 damage)
             ... on level 2 of the Dungeon.
             The game lasted 00:00:37 (554 turns).

FastMan the Shield-Bearer (Formicid Fighter)         Turns: 554, Time: 00:00:38

Health: -6/37      AC:  9    Str: 20    XL:     4   Next: 21%
Magic:  4/4        EV:  6    Int:  8    God:
Gold:   57         SH:  9    Dex: 11    Spells: 3/3 levels left

rFire    . . .     SeeInvis +   a - +0 war axe
rCold    . . .     Gourm    .   c - +0 shield
rNeg     . . .     Faith    .   j - +0 chain mail
rPois    .         Spirit   .   (helmet unavailable)
rElec    .         Reflect  .   (no cloak)
rCorr    .         Harm     .   (no gloves)
MR       .....                  (no boots)
Stlth    ..........             (no amulet)
Regen    0.2/turn               (no ring)
MPRegen  0.1/turn               (no ring)

@: no status effects
A: permanent stasis, dig shafts and tunnels, four strong arms, antennae 3
a: Dig, Shaft Self


You were on level 2 of the Dungeon.
You were not hungry.

You visited 1 branch of the dungeon, and saw 2 of its levels.

You collected 57 gold pieces.

Inventory:

Hand Weapons
 a - a +0 war axe (weapon)
Armour
 b - a +0 scale mail
 c - a +0 shield (worn)
 j - a +0 chain mail (worn)
Scrolls
 h - a scroll of teleportation {unknown}
 k - a scroll of enchant weapon {unknown}
 l - a scroll of fog {unknown}
 m - a scroll of noise {unknown}
Potions
 d - a potion of might {@q4}
 e - a potion of curing {unknown}
 o - a potion of mutation {unknown}
Comestibles
 f - a bread ration {@e1}
 g - 6 chunks of flesh
 i - a meat ration {@e2}
 n - a royal jelly {@e3}


   Skills:
 + Level 4.0 Fighting
 * Level 3.1 Axes
 - Level 3.2 Armour
 + Level 4.2 Shields


You had 3 spell levels left.
You didn't know any spells.

Dungeon Overview and Level Annotations

Branches:
Dungeon (2/15)

Altars:


Innate Abilities, Weirdness & Mutations

You cannot be hasted, slowed, berserked, paralysed or teleported.
You can dig through walls and to a lower floor.
Your four strong arms can wield two-handed weapons with a shield.
You have a pair of large antennae on your head. (SInv)


Message History

You are too injured to fight recklessly!
You are too injured to fight recklessly!
You are too injured to fight recklessly!
You are too injured to fight recklessly!
You are too injured to fight recklessly!
You are too injured to fight recklessly!
You are too injured to fight recklessly!
You are too injured to fight recklessly!
You are too injured to fight recklessly!
You are too injured to fight recklessly!
You are too injured to fight recklessly!
The gnoll hits you but does no damage. x2
Found a meat ration.
You see here a spear.
You closely miss the gnoll. x2; The gnoll hits you but does no damage.
You block the gnoll's attack. x2
The gnoll hits you from afar with a spear.
* * * LOW HITPOINT WARNING * * *
The gnoll hits you with a halberd!
You die...

####... #... #
###. # . ... #.
.## #### #.#
#)### . ...
#... ... #.#
##g##.....
##.###)@ggS...%
..
#.#...####.....
##.###..### ...
...#....# .
#...#..#
##.###.#
#...#..##
...#)).#.# #.#
##.###.#### #.#


You could see 3 gnolls and an adder.

Vanquished Creatures
  An adder (D:2)
  A gnoll (D:2)
  A dart slug (D:1)
  2 leopard geckos (D:1)
  A giant cockroach (D:1)
  4 goblins
  7 hobgoblins
  A quokka (D:2)
  5 bats
  2 frilled lizards
  4 kobolds
  5 rats
34 creatures vanquished.

Notes
Turn   | Place    | Note
-------+----------+-------------------------------------------
     0 | D:1      | FastMan the Formicid Fighter began the quest for the Orb.
     0 | D:1      | Reached XP level 1. HP: 18/18 MP: 1/1
    94 | D:1      | Reached XP level 2. HP: 22/24 MP: 2/2
   257 | D:1      | Reached XP level 3. HP: 30/30 MP: 3/3
   547 | D:2      | Reached XP level 4. HP: 34/37 MP: 4/4
   554 | D:2      | Mangled by a gnoll

Vault maps used:
D:1:      saegor_arrival_simple_f
D:2:      kennysheep_doodads, minmay_surrounded, uniq_crazy_yiuf_cottage

Skill      XL: |  1  2  3  4 |
---------------+-------------+-----
Shields        | 4 |  4.2
Axes           | 3 |  3.1
Fighting       | 4 |  4.0
Armour         | |  3.2

Action                   |  1- 3 |  4- 6 || total
-------------------------+-------+-------++-------
Melee: War axe           |   101 |     5 ||   106
Armor: Scale mail        |    29 |       ||    29
       Chain mail        |    30 |     3 ||    33
Dodge: Dodged            |    31 |     6 ||    37
Block: Shield            |    60 |     7 ||    67
